 Dungeon Crawl Stone Soup version 0.24-a0-271-ga0fc33f (webtiles) character file.

Game seed: 11491748588344604342

9092 Ijustatesigmund the Timeless (level 11, 0/72 HPs)
             Began as an Octopode Fighter on Apr 23, 2019.
             Was a High Priest of Cheibriados.
             Slain by a freezing wraith (9 damage)
             ... led by a death knight
             ... on level 11 of the Dungeon.
             The game lasted 00:26:16 (11299 turns).

Ijustatesigmund the Timeless (Octopode Fighter)    Turns: 11299, Time: 00:26:17

Health: 0/72       AC:  4    Str: 28    XL:     11   Next: 41%
Magic:  0/19       EV: 16    Int: 19    God:    Cheibriados [*****.]
Gold:   517        SH: 16    Dex: 25    Spells: 10/10 levels left

rFire    . . .     SeeInvis .   g - +5 flail (protect)
rCold    . . .     Gourm    .   b - +4 shield
rNeg     + . .     Faith    .   (helmet restricted)
rPois    .         Spirit   +   v - amulet of guardian spirit
rElec    .         Reflect  .   n - ring of fire
rCorr    .         Harm     .   k - ring of ice
MR       .....                  r - ring of positive energy
Stlth    +++++.....             (no ring)
HPRegen  0.22/turn              (no ring)
MPRegen  0.16/turn              (no ring)
                                (no ring)
                                (no ring)

@: very slow
A: almost no armour, stealthy swim, amphibious, 8 rings, constrict 8, antennae
1, yellow scales 1, camouflage 1, dopey 1, shaggy fur 1, gelatinous body 1
a: Bend Time, Temporal Distortion, Slouch, Step From Time, Renounce Religion


You were on level 11 of the Dungeon.
You worshipped Cheibriados.
Cheibriados was extremely pleased with you.
You were not hungry.

You visited 2 branches of the dungeon, and saw 12 of its levels.

You collected 589 gold pieces.
You spent 72 gold pieces at shops.

Inventory:

Hand Weapons
 a - a +1 war axe of flaming
 g - a +5 flail of protection (weapon)
Armour
 b - a +4 shield (worn)
Jewellery
 k - a ring of ice (right tentacle)
 n - a ring of fire (left tentacle)
 r - a ring of positive energy (on tentacle)
 s - an uncursed amulet of rage {unknown}
 t - an uncursed ring of ice
 v - an amulet of guardian spirit (around mantle)
Wands
 c - a wand of scattershot (3)
 j - a wand of enslavement (6)
 o - a wand of polymorph (22)
 x - a wand of paralysis (10)
Scrolls
 f - a scroll of amnesia
 i - 3 scrolls of remove curse
 l - 3 scrolls of magic mapping
 u - a scroll of fog
Potions
 e - 4 potions of curing
 h - 2 potions of lignification
 m - 2 potions of agility
 p - 2 potions of heal wounds
 q - a potion of cancellation
 w - a potion of magic {unknown}
 z - 2 potions of flight {unknown}
Comestibles
 d - 12 rations


   Skills:
 + Level 5.5 Fighting
 - Level 5.5(8.2) Axes
 - Level 9.5(10.2) Maces & Flails
 + Level 5.1 Dodging
 - Level 5.3 Stealth
 + Level 5.0 Shields
 - Level 11.6 Invocations
 + Level 0.0 Evocations


You had 10 spell levels left.
You didn't know any spells.
Your spell library was empty.

Dungeon Overview and Level Annotations

Branches:
Dungeon (11/15)            Temple (1/1) D:4            Lair (0/6) D:8
    Orc (0/2) D:10

Altars:
Ashenzari
Cheibriados
Dithmenos
Elyvilon
Fedhas
Gozag
Hepliaklqana
Kikubaaqudgha
Makhleb
Nemelex Xobeh
Okawaru
Qazlal
Ru
Sif Muna
Trog
Uskayaw
Vehumet
Wu Jian
Xom
Yredelemnul
Zin
The Shining One

Shops:
D:4 *

Annotations:
D:8 1 runed translucent door, Lanoc's ghost, novice OpBe


Innate Abilities, Weirdness & Mutations

You cannot wear most types of armour.
You are very stealthy in the water. (Stealth+)
You are amphibious.
You can wear up to eight rings at the same time.
You can use your tentacles to constrict eight enemies at once.
Your skin changes colour to match your surroundings (Stealth+).
Your rubbery body absorbs attacks. (AC +1, EV +1)
You have a pair of small antennae on your head.
You are partially covered in yellow scales. (AC +2)
You are dopey. (Int -2)
You are covered in fur. (AC +1)


Message History

The freezing wraith completely misses you.
You block the freezing wraith's attack. x2; The freezing wraith misses you.
The freezing wraith misses you. The freezing wraith barely misses you.
You block the freezing wraith's attack. The freezing wraith misses you.
You block the freezing wraith's attack. x2; The freezing wraith hits you.
The freezing wraith freezes you!
The freezing wraith hits you but does no damage.
You feel yourself speed up. The freezing wraith barely misses you.
The freezing wraith hits you!
The freezing wraith misses you. x2; The freezing wraith barely misses you.
You block the freezing wraith's attack. x2; The freezing wraith hits you.
The freezing wraith barely misses you. You block the freezing wraith's attack.
The freezing wraith hits you!
* * * LOW HITPOINT WARNING * * *
The freezing wraith freezes you!
* * * LOW HITPOINT WARNING * * *
You block the freezing wraith's attack. The freezing wraith closely misses you.
You block the freezing wraith's attack. The freezing wraith hits you!
You die...

#....<# #.....#
..######..#..#
.......}..####
..........#
..........#
..........########
..#..#............
. #..#...@........
#. #..WW........
#. #............
#....########
#....# #....#
#....# #....#
#....#


You could see 2 freezing wraiths.

Vanquished Creatures
  A centaur warrior (D:10)
  2 two-headed ogres (D:8)
  Joseph (D:8)
  A gargoyle (D:10)
  A komodo dragon (D:10)
  Prince Ribbit (D:5)
  A spriggan (D:8)
  3 yaks (D:8)
  Eustachio (D:6)
  A basilisk (D:8)
  Menkaure (D:7)
  Edmund (D:5)
  A swamp drake (D:8)
  2 porcupines (D:8)
  4 orc warriors
  3 ice beasts
  2 black bears (D:9)
  2 sky beasts
  A phantom (D:7)
  2 ogres
  3 centaurs
  4 crocodiles (D:8)
  8 bullfrogs
  A wyvern skeleton (D:8)
  5 scorpions
  A water moccasin skeleton (D:7)
  8 wights (D:6)
  4 killer bees (D:9)
  A crimson imp (D:5)
  A quasit (D:7)
  2 centaur zombies
  A bullfrog zombie (D:7)
  6 orc priests
  3 hounds
  A centaur skeleton (D:7)
  A jelly (D:7)
  12 orc wizards
  6 bullfrog skeletons
  Jessica (D:3)
  4 iguanas
  9 worker ants
  Robin (D:2)
  3 gnolls (D:5)
  8 adders
  5 shadow imps
  An adder skeleton (D:7)
  2 worms (D:2)
  A dart slug (D:2)
  5 leopard geckos
  67 orcs
  8 bats
  4 giant cockroaches
  11 goblins
  14 hobgoblins
  3 jackals (D:1)
  5 quokkas
  A ball python (D:6)
  5 frilled lizards
  A giant cockroach zombie (D:6)
  9 kobolds
  A quokka zombie (D:5)
  6 rats
275 creatures vanquished.

Vanquished Creatures (others)
  2 fungi (D:8)
  4 plants (D:8)
6 creatures vanquished.

Grand Total: 281 creatures vanquished

Notes
Turn   | Place    | Note
-------+----------+-------------------------------------------
     0 | D:1      | Ijustatesigmund the Octopode Fighter began the quest for
                  | the Orb.
     0 | D:1      | Reached XP level 1. HP: 16/16 MP: 1/1
    68 | D:1      | Reached XP level 2. HP: 16/21 MP: 2/2
   746 | D:1      | Reached XP level 3. HP: 23/26 MP: 3/3
  1446 | D:2      | Found a burning altar of Makhleb.
  1448 | D:2      | Noticed a blizzard demon
  1488 | D:2      | Reached XP level 4. HP: 31/31 MP: 4/4
  1785 | D:3      | Noticed Robin
  1795 | D:2      | Killed Robin
  2115 | D:3      | Reached XP level 5. HP: 21/36 MP: 5/5
  2492 | D:3      | Gained mutation: You have a pair of small antennae on your
                  | head. [potion of mutation]
  2492 | D:3      | Gained mutation: You are dopey. (Int -2) [potion of
                  | mutation]
  2492 | D:3      | Gained mutation: You are covered in fur. (AC +1) [potion of
                  | mutation]
  2492 | D:3      | Gained mutation: You are partially covered in yellow
                  | scales. (AC +2) [potion of mutation]
  2500 | D:3      | Noticed Jessica
  2507 | D:3      | Killed Jessica
  2512 | D:3      | Found a deep blue altar of Sif Muna.
  2869 | D:3      | Reached skill level 5 in Axes
  2983 | D:4      | Found Liedi's Assorted Antiques.
  2993 | D:4      | Reached skill level 1 in Stealth
  3085 | D:4      | Reached XP level 6. HP: 32/43 MP: 6/6
  3537 | D:4      | Found a staircase to the Ecumenical Temple.
  3802 | Temple   | Entered the Ecumenical Temple
  3969 | Temple   | Became a worshipper of Cheibriados the Contemplative
  3992 | D:5      | Entered Level 5 of the Dungeon
  4022 | D:5      | Noticed an ice beast
  4038 | D:5      | Killed an ice beast
  4038 | D:5      | Reached skill level 1 in Invocations
  4038 | D:5      | Reached XP level 7. HP: 24/49 MP: 6/8
  4061 | D:5      | Reached skill level 2 in Invocations
  4354 | D:5      | Noticed Prince Ribbit
  4361 | D:5      | Killed Prince Ribbit
  4361 | D:5      | Reached skill level 3 in Invocations
  4435 | D:5      | Found a stormy altar of Qazlal.
  4823 | D:5      | Found a blossoming altar of Fedhas.
  4823 | D:5      | Noticed Edmund
  4851 | D:5      | Killed Edmund
  4851 | D:5      | Reached skill level 4 in Invocations
  4851 | D:5      | Reached XP level 8. HP: 28/54 MP: 9/11
  5135 | D:5      | Reached * piety under Cheibriados
  5278 | D:6      | Reached skill level 1 in Maces & Flails
  5303 | D:6      | Noticed Eustachio
  5305 | D:6      | Reached skill level 5 in Invocations
  5311 | D:6      | Killed Eustachio
  5362 | D:6      | Reached skill level 6 in Invocations
  5561 | D:6      | Found an ancient bone altar of Kikubaaqudgha.
  5600 | D:6      | Reached XP level 9. HP: 59/59 MP: 12/14
  5611 | D:6      | Reached skill level 7 in Invocations
  5642 | D:6      | Reached ** piety under Cheibriados
  5811 | D:6      | Reached skill level 5 in Maces & Flails
  6057 | D:6      | Found a hazy altar of Hepliaklqana.
  6159 | D:6      | Reached skill level 8 in Invocations
  6532 | D:7      | Found a shimmering altar of Xom.
  6597 | D:7      | Reached *** piety under Cheibriados
  6603 | D:7      | Found a shattered altar of Ashenzari.
  6756 | D:7      | Noticed Menkaure
  6764 | D:7      | Killed Menkaure
  6868 | D:7      | Reached skill level 9 in Invocations
  7132 | D:8      | Noticed Joseph
  7146 | D:8      | Reached XP level 10. HP: 48/65 MP: 16/16
  7158 | D:8      | Killed Joseph
  7360 | D:8      | Found a staircase to the Lair.
  7654 | D:8      | Reached **** piety under Cheibriados
  7665 | D:8      | Reached skill level 10 in Invocations
  7795 | D:8      | Noticed a two-headed ogre
  7803 | D:8      | Killed a two-headed ogre
  7811 | D:8      | Noticed Maurice
  8046 | D:8      | Noticed a two-headed ogre
  8055 | D:8      | Killed a two-headed ogre
  8055 | D:8      | Reached skill level 11 in Invocations
  8481 | D:8      | Found a runed translucent door.
  8481 | D:8      | Noticed an ogre mage
  8481 | D:8      | Noticed Lanoc's ghost (novice OpBe)
  8552 | D:8      | Noticed Maurice
  8552 | D:8      | Maurice changed into Maurice the swamp drake
  8557 | D:8      | Killed Maurice the swamp drake
  8647 | D:8      | Reached XP level 11. HP: 66/70 MP: 19/19
  8947 | D:4      | Bought a potion of curing for 72 gold pieces
  9318 | D:9      | HP: 3/70 [troll (12)]
 10254 | D:10     | Entered Level 10 of the Dungeon
 10285 | D:10     | Noticed a centaur warrior
 10298 | D:10     | Killed a centaur warrior
 10298 | D:10     | Reached skill level 5 in Fighting
 10298 | D:10     | Reached skill level 5 in Stealth
 10794 | D:10     | Reached skill level 5 in Dodging
 10803 | D:10     | Found a staircase to the Orcish Mines.
 10853 | D:10     | Reached skill level 5 in Shields
 10877 | D:10     | Reached ***** piety under Cheibriados
 11287 | D:11     | Noticed a death knight
 11299 | D:11     | Slain by a freezing wraith

Levels and vault maps discovered:
D:1:      roderic_octagonal_star, layout_basic, hangedman_glass_teeth,
          minmay_misc_feat_enclosed, hangedman_decor_opposing
D:2:      layout_basic, makhleb_altar_promises_db
D:3:      layout_loops_ring, tgw_sif, first_ration, uniq_robin
D:4:      layout_basic, minmay_temple_entry_junction, serial_shops,
          nicolae_shop_stone
D:5:      layout_basic, overflow_temple_1_default, lemuel_tele_altar,
          uniq_edmund, uniq_prince_ribbit1
D:6:      layout_loops_ring, lemuel_coloured_pillars_altar,
          overflow_temple_1_default, kennysheep_dice, uniq_eustachio
D:7:      layout_loops_cross, ashenzari_conservatory_becter,
          brannock_xom_greatest_gift, uniq_menkaure
D:8:      layout_basic, minmay_lair_entry_grove, ebering_ghost_inner_flame,
          the_bakery, uniq_maurice, uniq_joseph
D:9:      layout_roguey
D:10:     layout_loops_cross, hiddenorc2_lemuel
D:11:     minmay_cornered_nines, layout_grid_maze
Temple:   eino_temple_scatter_basement

Skill      XL: |  1  2  3  4  5  6  7  8  9 10 11 |
---------------+----------------------------------+-----
Axes           | 3 4 5 |  5.5
Fighting       | 4 5 |  5.5
Stealth        | 1 3 4 5 |  5.3
Invocations    | 1 4 6 9 11 | 11.6
Dodging        | 4 5 |  5.1
Shields        | 4 5 |  5.0
Maces & Flails | 4 7 9 |  9.5

Action                   |  1- 3 |  4- 6 |  7- 9 | 10-12 || total
-------------------------+-------+-------+-------+-------++-------
Melee: War axe           |    76 |   117 |    50 |       ||   243
       Constrict         |    24 |    28 |    54 |    37 ||   143
       Tentacles         |    18 |    19 |    66 |    83 ||   186
       Flail             |       |       |   171 |   211 ||   382
Invok: Slouch            |       |       |       |     3 ||     3
       Bend Time         |       |       |       |     2 ||     2
Evoke: Wand              |       |       |       |     2 ||     2
  Use: Scroll            |     6 |    13 |     4 |    10 ||    33
       Potion            |       |     3 |     1 |     4 ||     8
 Stab: Sleeping          |     9 |     4 |    13 |     7 ||    33
       Distracted        |       |     1 |       |       ||     1
  Eat: Chunk             |     1 |     8 |     8 |     1 ||    18
       Ration            |       |       |       |     2 ||     2
Armor: Skin              |     8 |    15 |    28 |    14 ||    65
Dodge: Dodged            |    26 |    40 |    72 |    80 ||   218
Block: Shield            |    31 |    70 |   124 |   151 ||   376

Table legend:
 A = Non-vault XP
 B = Vault XP
 C = Vault XP percentage of total XP
 D = Non-vault monster count
 E = Vault monster count
 F = Vault count percentage of total count
                 A         B        C        D         E       F
            +---------+---------+-------+---------+---------+-------
      Total |    9437 |    3552 |  27.3 |     214 |      61 |  22.2
            +---------+---------+-------+---------+---------+-------
        D:1 |      37 |       0 |   0.0 |      23 |       0 |   0.0
        D:2 |      64 |      22 |  25.6 |      22 |       4 |  15.4
        D:3 |     109 |      47 |  30.1 |      21 |       6 |  22.2
        D:4 |     244 |       0 |   0.0 |      12 |       0 |   0.0
        D:5 |     502 |     428 |  46.0 |      16 |       2 |  11.1
        D:6 |    1729 |     203 |  10.5 |      40 |       1 |   2.4
        D:7 |     930 |     169 |  15.4 |      26 |       1 |   3.7
        D:8 |    2603 |    2389 |  47.9 |      21 |      15 |  41.7
        D:9 |     924 |       0 |   0.0 |      18 |       0 |   0.0
       D:10 |    2295 |     294 |  11.4 |      15 |      32 |  68.1
            +---------+---------+-------+---------+---------+-------
